 Dungeon Crawl Stone Soup version 0.24.0-37-gcf1ca852f1 (webtiles) character file.

Game seed: 12888598027728492307, levelgen mode: deterministic

658366 Delamore the Axe Maniac (level 27, -1/269 HPs)
             Began as a Hill Orc Fighter on Nov 23, 2019.
             Was the Champion of Okawaru.
             Killed from afar by an ancient lich (9 damage)
             ... with a bolt of fire
             ... on level 5 of the Realm of Zot on Nov 24, 2019.
             The game lasted 04:20:08 (74959 turns).

Delamore the Axe Maniac (Hill Orc Fighter)         Turns: 74959, Time: 04:20:08

Health: -1/269     AC: 39    Str: 30    XL:     27
Magic:  44/44      EV: 14    Int: 21    God:    Okawaru [******]
Gold:   5016       SH:  0    Dex: 10    Spells: 29/34 levels left

rFire    + + .     SeeInvis .   p - +9 executioner's axe (freeze)
rCold    + + +     Gourm    .   (shield currently unavailable)
rNeg     + . .     Faith    .   H - +8 gold dragon scales
rPois    +         Spirit   .   I - -2 hat of the Alchemist {rElec rPois rF+ rC+ rN+ MR+ rMut rCorr}
rElec    +         Reflect  .   s - scarf {rC+ rF+}
rCorr    +         Harm     .   O - +3 pair of gauntlets of War {Slay+5}
rMut     +         NoTele   +   R - +2 pair of boots {run}
MR       +++++                  T - amulet "Vuhuam" {Regen+ Int+6}
Stlth    ..........             J - ring "Hausopir" {Ice -Tele Int+5}
HPRegen  0.94/turn              P - ring "Coph" {MR++ MP+9 Stlth-}
MPRegen  0.29/turn

@: finesse, quick
A: teleportitis 1
}: 3/15 runes: barnacled, silver, gossamer
a: Heroism, Finesse, Renounce Religion


You were on level 5 of the Realm of Zot.
You worshipped Okawaru.
Okawaru was exalted by your worship.
You were not hungry.

You visited 10 branches of the dungeon, and saw 50 of its levels.
You also visited: Sewer, Gauntlet, Ice Cave, Wizlab and Desolation.

You collected 7890 gold pieces.
You spent 2874 gold pieces at shops.

Inventory:

Hand Weapons
 p - a +9 executioner's axe of freezing (weapon)
 Y - the +2 executioner's axe of the Dove {flame, Dex+9}
   (Okawaru gifted it to you on level 4 of the Lair of Beasts)

   It has been specially enchanted to burn those struck by it, causing extra
   injury to most foes and up to half again as much damage against particularly
   susceptible opponents.
   Big, fiery blades are also staple armaments of hydra-hunters.
   It affects your dexterity (+9).
Missiles
 b - 63 silver javelins (quivered)
 e - 10 throwing nets
Armour
 s - a scarf of resistance (worn)
 G - a +1 cloak of magic resistance
 H - +8 gold dragon scales (worn)
 I - the -2 hat of the Alchemist (worn) {rElec rPois rF+ rC+ rN+ MR+ rMut rCorr}
   (You bought it in a shop on level 2 of the Elven Halls)

   It protects you from fire.
   It protects you from cold.
   It insulates you from electricity.
   It protects you from poison.
   It protects you from negative energy.
   It affects your resistance to hostile enchantments.
   It provides partial protection from all sources of acid and corrosion.
   It protects you from mutation.
 O - the +3 pair of gauntlets of War (worn) {Slay+5}
   (You acquired it on level 1 of the Depths)

   It affects your accuracy and damage with ranged weapons and melee attacks
   (+5).
 R - a +2 pair of boots of running (worn)
 X - the +2 cloak of Patterns {rElec rC++}
   (You bought it in a shop on level 4 of the Depths)

   It greatly protects you from cold.
   It insulates you from electricity.
 Z - a scarf of repulsion
Jewellery
 h - an uncursed ring of protection from fire
 r - the ring "Hibbafe" {rElec rPois Str-2 SInv Stlth+}
   (You took it off a minotaur in a Gauntlet)

   [ring of stealth]

   It affects your strength (-2).
   It insulates you from electricity.
   It protects you from poison.
   It lets you see invisible.
   It makes you more stealthy.
 D - a +5 amulet of reflection
 J - the ring "Hausopir" (left hand) {Ice -Tele Int+5}
   (You found it on level 2 of the Depths)

   [ring of ice]

   It enhances your ice magic.
   It affects your intelligence (+5).
   It makes you vulnerable to fire.
   It protects you from cold.
   It prevents most forms of teleportation.
 P - the ring "Coph" (right hand) {MR++ MP+9 Stlth-}
   (You found it in the Desolation of Salt)

   [ring of attention]

   It affects your resistance to hostile enchantments.
   It affects your magic capacity (+9).
   It makes you less stealthy.
 S - an uncursed ring of protection from cold
 T - the amulet "Vuhuam" (around neck) {Regen+ Int+6}
   (You found it on level 3 of the Vaults)

   [amulet of regeneration]

   It affects your intelligence (+6).
   It increases your rate of regeneration.
Wands
 d - a wand of acid (37)
 t - a wand of flame (56)
 y - a wand of disintegration (25)
 E - a wand of digging (8)
 N - a wand of iceblast (47)
Scrolls
 a - 22 scrolls of identify
 g - 4 scrolls of fog
 i - 31 scrolls of remove curse
 k - 4 scrolls of enchant weapon
 m - 20 scrolls of teleportation
 u - 6 scrolls of magic mapping
 x - 6 scrolls of blinking
 z - 5 scrolls of fear
 F - a scroll of silence
 K - a scroll of enchant armour
 U - a scroll of summoning
 V - 2 scrolls of brand weapon
 W - a scroll of holy word
Potions
 c - 6 potions of agility
 f - a potion of invisibility
 j - 3 potions of mutation
 l - 3 potions of haste
 n - 12 potions of flight
 o - 18 potions of curing
 v - 7 potions of heal wounds
 B - a potion of might
 C - a potion of resistance
 L - 3 potions of berserk rage
 Q - 3 potions of cancellation
Miscellaneous
 A - a phantom mirror
Comestibles
 w - 80 rations


   Skills:
 + Level 26.3 Fighting
 O Level 27 Axes
 * Level 13.7 Throwing
 + Level 22.8 Armour
 * Level 17.2 Dodging
   Level 3.2 Shields
 - Level 4.0 Spellcasting
 - Level 14.7 Translocations
 + Level 17.9 Invocations
 - Level 11.3 Evocations


You had 29 spell levels left.
You knew the following spells:

 Your Spells              Type           Power        Failure   Level  Hunger
a - Blink                 Tloc           N/A          1%          2    #......
b - Lesser Beckoning      Tloc           ######....   1%          3    ###....

Your spell library contained the following spells:

 Spells                   Type           Power        Failure   Level  Hunger
 Apportation              Tloc           ######       1%          1    None
 Gell's Gravitas          Tloc           ######....   1%          3    ###....
 Teleport Other           Tloc           ######..     1%          3    ###....
 Passage of Golubria      Tloc           N/A          2%          4    ####...
 Shroud of Golubria       Chrm/Tloc      #####.       7%          2    #......
 Portal Projectile        Hex/Tloc       #####.       14%         3    ###....
 Recall                   Summ/Tloc      N/A          14%         3    ###....
 Animate Skeleton         Necr           N/A          67%         1    None
 Beastly Appendage        Tmut           #.....       67%         1    None
 Confusing Touch          Hex            #.....       67%         1    None
 Corona                   Hex            #......      67%         1    None
 Freeze                   Ice            #...         67%         1    None
 Magic Dart               Conj           #...         67%         1    None
 Pain                     Necr           #...         67%         1    None
 Sandblast                Erth           #.....       67%         1    None
 Shock                    Conj/Air       #...         67%         1    None
 Sting                    Conj/Pois      #...         67%         1    None
 Summon Butterflies       Summ           #.......     67%         1    None
 Summon Small Mammal      Summ           #...         67%         1    None
 Summon Forest            Summ/Tloc      #####.....   77%         5    ######.
 Call Imp                 Summ           #.......     80%         2    #......
 Passwall                 Tmut/Erth      #.......     80%         2    #......
 Poisonous Vapours        Pois/Air       #.....       80%         2    #......
 Slow                     Hex            #.......     80%         2    #......
 Sticks to Snakes         Tmut           #.......     80%         2    #......
 Sublimation of Blood     Necr           #.........   80%         2    #......
 Swiftness                Chrm/Air       #.......     80%         2    #......
 Throw Flame              Conj/Fire      #.....       80%         2    #......
 Throw Frost              Conj/Ice       #.....       80%         2    #......
 Call Canine Familiar     Summ           #.......     95%         3    ###....
 Confuse                  Hex            #.......     95%         3    ###....
 Conjure Flame            Conj/Fire      #.......     95%         3    ###....
 Ignite Poison            Fire/Tmut/Pois #.......     95%         3    ###....
 Inner Flame              Hex/Fire       #.......     95%         3    ###....
 Mephitic Cloud           Conj/Pois/Air  #.......     95%         3    ###....
 Ozocubu's Armour         Chrm/Ice       #.......     95%         3    ###....
 Regeneration             Chrm/Necr      #.........   95%         3    ###....
 Static Discharge         Conj/Air       #.......     95%         3    ###....
 Tukima's Dance           Hex            #.......     95%         3    ###....
 Vampiric Draining        Necr           #.........   95%         3    ###....
 Airstrike                Air            #.........   100%        4    ####...
 Animate Dead             Necr           N/A          100%        4    ####...
 Cause Fear               Hex            #.........   100%        4    ####...
 Leda's Liquefaction      Hex/Erth       #.........   100%        4    ####...
 Olgreb's Toxic Radiance  Pois           #.......     100%        4    ####...
 Petrify                  Tmut/Erth      #.......     100%        4    ####...
 Summon Ice Beast         Ice/Summ       #.......     100%        4    ####...
 Summon Lightning Spire   Summ/Air       #.......     100%        4    ####...
 Throw Icicle             Conj/Ice       #.......     100%        4    ####...
 Alistair's Intoxication  Tmut/Pois      #.......     100%        5    ######.
 Aura of Abjuration       Summ           #.........   100%        5    ######.
 Blade Hands              Tmut           #.........   100%        5    ######.
 Bolt of Magma            Conj/Fire/Erth #.........   100%        5    ######.
 Borgnjor's Vile Clutch   Necr/Erth      #.........   100%        5    ######.
 Fireball                 Conj/Fire      #.........   100%        5    ######.
 Irradiate                Conj/Tmut      #.........   100%        5    ######.
 Iskenderun's Battlesphe  Conj/Chrm      #.......     100%        5    ######.
 Lee's Rapid Deconstruct  Erth           #.........   100%        5    ######.
 Lightning Bolt           Conj/Air       #.........   100%        5    ######.
 Metabolic Englaciation   Hex/Ice        #.........   100%        5    ######.
 Silence                  Hex/Air        #.........   100%        5    ######.
 Summon Demon             Summ           #.........   100%        5    ######.
 Summon Mana Viper        Hex/Summ       #.......     100%        5    ######.
 Venom Bolt               Conj/Pois      #.........   100%        5    ######.
 Yara's Violent Unravell  Hex/Tmut       #.........   100%        5    ######.
 Conjure Ball Lightning   Conj/Air       #.........   100%        6    #######
 Darkness                 Hex            #.........   100%        6    #######
 Deflect Missiles         Chrm/Air       #.........   100%        6    #######
 Freezing Cloud           Conj/Ice/Air   #.........   100%        6    #######
 Invisibility             Hex            #.......     100%        6    #######
 Iron Shot                Conj/Erth      #.........   100%        6    #######
 Shadow Creatures         Summ           N/A          100%        6    #######
 Dragon Form              Tmut           #.........   100%        7    #######
 Malign Gateway           Summ/Tloc      #####.....   100%        7    #######
 Orb of Destruction       Conj           #.........   100%        7    #######
 Ring of Flames           Chrm/Fire      #.........   100%        7    #######
 Spellforged Servitor     Conj/Summ      #.........   100%        7    #######
 Summon Hydra             Summ           #.........   100%        7    #######
 Discord                  Hex            #.........   100%        8    #######
 Disjunction              Tloc           ######....   100%        8    #######
 Ignition                 Fire           #.........   100%        8    #######
 Dragon's Call            Summ           #.........   100%        9    #######
 Shatter                  Erth           #.........   100%        9    #######
 Tornado                  Air            #.........   100%        9    #######


Dungeon Overview and Level Annotations

Branches:
Dungeon (15/15)            Temple (1/1) D:6            Lair (6/6) D:9
 Shoals (4/4) Lair:2       Spider (4/4) Lair:3        Slime (0/5) Lair:5
    Orc (2/2) D:12            Elf (3/3) Orc:2        Vaults (5/5) D:14
  Crypt (0/3) Vaults:3     Depths (5/5) D:15            Zot (5/5) Depths:5
  Sewer (visited)           IceCv (visited)          WizLab (visited)
Desolation (visited)      Gauntlet (visited)

Altars:
Ashenzari
Cheibriados
Dithmenos
Elyvilon
Hepliaklqana
Kikubaaqudgha
Makhleb
Nemelex Xobeh
Okawaru
Ru
Sif Muna
Trog
Uskayaw
Wu Jian
Xom
Zin
The Shining One
Beogh
Lugonu

Shops:
Orc:2 [:?!   Elf:2 *%?[   Elf:3 [   Shoals:4 [   Vaults:1 }   Vaults:3 *
Depths:1 :   Depths:4 [

Portals:
Hell: Depths:1 Depths:2 Depths:3 Depths:4 Depths:5
Abyss: Depths:1 Depths:4 Depths:5
Pandemonium: Depths:3
Ziggurat: Depths:1
Trove: Vaults:2 (lose all piety)

Annotations:
D:2 1 runed translucent door, Crazy Yiuf
Shoals:3 Ilsuiw
Shoals:4 exclusion: oklob plant
Zot:3 2 runed translucent doors, Pask's ghost, legendary HaBe
Zot:5 1 exclusion


Innate Abilities, Weirdness & Mutations

You are occasionally teleported next to monsters.


Message History

The ancient lich casts a spell at you. The iron shot hits you!!!
You hear some strange, mumbled words.
An iron shot appears from out of thin air!
The iron shot hits you!!!!
* * * LOW HITPOINT WARNING * * *
Okay, then.
The yellow draconian annihilator hits you with a +0 rapier.
* * * LOW HITPOINT WARNING * * *
There is an open door, spattered with blood here.
You feel much better.
The yellow draconian annihilator hits you but does no damage.
The Orb Guardian hits you!!
* * * LOW HITPOINT WARNING * * *
You feel much better. The Orb Guardian hits you!!
* * * LOW HITPOINT WARNING * * *
You hear some strange, mumbled words.
A bolt of fire appears from out of thin air!
The bolt of fire hits you! You resist.
You die...

.# #.....[...# #.# #.....
.# #.........###.# ##.###
.#
#.........'...#######.###
.#
#....?....#..............
.#
#.........###.#######.###
.# #.........# #.#
**#'#** .# #.^.......#
#.# #.^^... .#
#........q###'#####.#####
##
########@X#.......+.#≈≈≈#
*****
########{########▓▓▓▓###
,,,,** #..^...)XXX.....#
**,, ,,,,,**
*#.......qX....## **,,,
,,,,,,** #....^........#
##.... ,,,,,,,*
##.L.....X...## #.....
,,,,,,,* #.........*.#
#..... ,,,,,,,*
##L..........## #.....
,,,,,,,* #.............#
#.....


You could see an orb of fire, 6 Orb Guardians, a yellow draconian annihilator
and a yellow draconian scorcher.

Vanquished Creatures
  2 orbs of fire
  Mara (Depths:1)
  3 ancient liches
  A juggernaut (Depths:4)
  Boris (Depths:3)
  Sojobo (Vaults:2)
  Frederick (Vaults:2)
  Margery (Vaults:3)
  2 Killer Klowns (Zot:5)
  The ghost of casual the Hoplite, a veteran MiMo of Hepliaklqana (Vaults:3)
  A caustic shrike (Depths:1)
  8 golden dragons
  Jory (Vaults:2)
  Arachne (Spider:2)
  A Tzitzimitl (Depths:2)
  4 electric golems
  14 Orb Guardians (Zot:5)
  The ghost of Silenth the Arsonist, an adept DrFE of Vehumet (Vaults:2)
  12 tentacled monstrosities
  6 liches
  5 deep elf blademasters
  10 titans
  2 quicksilver dragons
  A deep elf master archer (Elf:3)
  Asterion (Spider:3)
  3 ancient champions
  3 sphinxes
  9 death cobs
  11 shadow dragons
  Frances (Elf:1)
  9 tengu reavers
  35 storm dragons
  4 draconian monks
  4 draconian scorchers
  2 iron dragons
  12 vault wardens
  11 frost giants
  3 ghost moths
  6 fire giants
  12 deep elf sorcerers
  Aizul (Vaults:2)
  9 emperor scorpions
  An imperial myrmidon (Desolation)
  2 caustic shrike zombies (Depths:2)
  Louise (Shoals:2)
  A ghoul (Vaults:3)
  18 very ugly things
  19 ironheart preservers
  9 draconian stormcallers
  7 draconian shifters
  6 reapers (Depths:2)
  4 draconian knights
  4 deep elf elementalists
  8 draconian annihilators
  2 spriggan defenders
  24 stone giants
  3 war gargoyles
  3 entropy weavers
  2 juggernaut skeletons (Depths:2)
  19 green draconians
  2 halazid warlocks (Desolation)
  14 white draconians
  6 vampire knights
  7 deep elf demonologists
  9 deep elf annihilators (Elf:3)
  15 purple draconians
  16 black draconians
  12 yellow draconians
  9 spark wasps
  2 minotaurs
  17 red draconians
  4 merfolk impalers
  4 merfolk javelineers (Shoals:4)
  9 ettins
  3 crystal guardians
  5 deep elf death magi
  11 yaktaur captains
  5 great orbs of eyes
  9 fire dragons
  12 deep elf high priests
  Fannar (D:11)
  25 ogre magi
  16 ice dragons
  9 ragged hierophants
  Harold (D:8)
  11 servants of whispers (Desolation)
  6 rakshasas
  28 vault guards
  A hell beast (Depths:2)
  6 hydras
  An anaconda (shapeshifter) (D:15)
  A juggernaut simulacrum (Depths:2)
  6 peacekeepers (Desolation)
  5 death knights
  2 spriggan air magi
  66 two-headed ogres
  6 merfolk aquamancers
  5 merfolk avatars
  31 dancing weapons
  8 death yaks
  4 deep troll shamans
  9 centaur warriors
  2 vampire magi (Depths:2)
  2 satyrs
  A queen ant (Spider:2)
  4 tengu warriors
  3 deep troll earth magi
  6 spriggan berserkers
  5 orc high priests
  A storm dragon zombie (Depths:2)
  An iron troll (Depths:4)
  21 deep elf knights
  2 soul eaters (Depths:2)
  5 hell knights (Vaults:3)
  An unseen horror (shapeshifter) (Vaults:4)
  2 shadow wraiths
  11 sea snakes
  10 skeletal warriors
  11 deep trolls
  5 flayed ghosts
  2 swamp dragons (Zot:4)
  7 wizards
  A swamp dragon (shapeshifter) (Vaults:5)
  4 unseen horrors
  17 deep elf archers
  5 glowing orange brains
  16 ironbrand convokers
  9 phantasmal warriors
  2 tengu zombies (Depths:2)
  An obsidian statue (Gauntlet)
  14 necromancers
  19 orc knights
  A golden dragon skeleton (Vaults:5)
  A harpy (shapeshifter) (D:15)
  63 deep elf magi
  3 human zombies
  17 orb spiders
  45 ugly things
  2 wolf spider zombies
  11 harpies
  3 lindwurms
  7 orc sorcerers
  A tengu skeleton (Depths:2)
  2 frost giant zombies (Depths:2)
  24 wolf spiders
  2 stone giant zombies (Depths:2)
  2 shadow dragon skeletons (Depths:2)
  An iron dragon skeleton (Depths:2)
  20 moths of wrath
  2 manticores (shapeshifter)
  12 manticores
  6 fire giant zombies (Depths:2)
  8 cyclopes
  14 fauns
  A stone giant skeleton (Depths:2)
  A moth of wrath (shapeshifter) (Depths:5)
  2 rust devils
  Maurice (D:12)
  2 fire giant skeletons
  3 frost giant skeletons (Depths:2)
  3 ice statues (IceCv)
  3 centaur zombies
  An elephant (Lair:6)
  A molten gargoyle (Desolation)
  3 torpor snails
  11 merfolk sirens
  3 guardian serpents (Desolation)
  3 water nymphs
  A spiny frog (shapeshifter) (Vaults:4)
  24 vault sentinels
  2 water nymphs (shapeshifter)
  4 black mambas
  A torpor snail (shapeshifter) (Depths:4)
  A gargoyle (D:12)
  4 centaur skeletons
  2 spriggan skeletons (Depths:2)
  5 rime drakes
  5 spectral swamp worms (Depths:5)
  14 spiny frogs
  3 efreet (D:14)
  7 komodo dragons
  2 kobold demonologists (D:14)
  2 rime drakes (shapeshifter) (D:15)
  8 freezing wraiths
  9 demonic crawlers
  2 spark wasp simulacra (Depths:2)
  A yaktaur (shapeshifter) (Depths:3)
  7 trolls
  65 yaktaurs
  39 jumping spiders
  5 polar bears (Lair:6)
  A shadow dragon simulacrum (Depths:2)
  4 tengu conjurers
  5 wind drakes
  27 merfolk
  A merfolk (shapeshifter) (Vaults:5)
  2 wind drakes (shapeshifter)
  A polar bear (shapeshifter) (Vaults:1)
  17 hornets
  A queen bee (Lair:2)
  A sphinx simulacrum (Depths:2)
  8 dream sheep
  60 saltlings
  27 slime creatures
  9 blink frogs
  A wolf spider simulacrum (Gauntlet)
  9 hippogriffs
  A meliai zombie (D:12)
  6 snapping turtles
  A stone giant simulacrum (Depths:2)
  A snapping turtle (shapeshifter) (Elf:3)
  A frost giant simulacrum (Depths:2)
  An elf zombie (Depths:2)
  27 spriggans
  68 redbacks
  5 vampires
  A centaur simulacrum (Gauntlet)
  26 tarantellas
  9 wyverns
  4 wraiths
  A spriggan (shapeshifter) (D:15)
  4 air elementals
  33 yaks
  17 water elementals
  Eustachio (D:6)
  5 fire elementals
  A yak (shapeshifter) (Depths:2)
  A human (shapeshifter) (Depths:2)
  2 basilisks
  10 wargs
  A yaktaur simulacrum (Vaults:2)
  Menkaure (D:6)
  Edmund (D:6)
  5 soldier ants
  4 two-headed ogre zombies (WizLab)
  3 acid dragons
  Duvessa (D:6)
  A human skeleton (Depths:2)
  A hydra simulacrum (Gauntlet)
  7 porcupines
  13 water moccasins
  A floating eye (Depths:5)
  49 orc warriors
  A black bear (shapeshifter) (Vaults:2)
  3 black bears
  4 phantoms
  11 ice beasts
  45 ogres
  4 sky beasts
  12 wolves (Lair:6)
  24 boggarts
  An elf skeleton (Vaults:5)
  3 eyes of draining
  20 centaurs
  11 crocodiles
  7 big kobolds
  15 bullfrogs
  A glowing shapeshifter simulacrum (Depths:2)
  A tengu simulacrum (Depths:2)
  A wyvern zombie (D:12)
  Dowan (D:5)
  4 scorpions
  7 troll zombies (WizLab)
  3 human simulacra
  41 killer bees
  10 wights
  4 howler monkeys
  2 electric eels (Lair:6)
  A lava snake (Lair:4)
  10 crimson imps
  3 bullfrog zombies
  31 orc priests
  12 hounds
  A jelly (D:8)
  A bullfrog skeleton (D:8)
  33 orc wizards
  Natasha (thrice) (D:3)
  3 iguanas
  17 worker ants
  5 ogre zombies (WizLab)
  2 hound skeletons (D:4)
  A howler monkey zombie (D:10)
  A worker ant zombie (D:9)
  10 adders
  4 river rats (Sewer)
  5 shadow imps
  A white imp (Vaults:2)
  An ooze (D:2)
  2 adder zombies
  An adder skeleton (D:5)
  4 worms
  2 dart slugs
  4 leopard geckos
  107 orcs
  6 bats
  8 giant cockroaches
  6 goblins
  9 hobgoblins
  15 jackals
  2 quokkas
  5 ball pythons
  11 frilled lizards
  2 jackal skeletons
  24 kobolds
  A leopard gecko skeleton (D:5)
  A leopard gecko zombie (D:9)
  A quokka skeleton (D:5)
  A quokka zombie (D:8)
  10 rats
  A fungus (Lair:6)
  9 plants
2558 creatures vanquished.

Vanquished Creatures (collateral kills)
  A merfolk siren (Shoals:1)
  A water nymph (Shoals:1)
  2 merfolk (Shoals:1)
4 creatures vanquished.

Vanquished Creatures (others)
  Rupert (Vaults:2)
  A draconian knight (Depths:5)
  A two-headed ogre (Depths:2)
  A wolf spider (Spider:2)
  A frost giant zombie (Vaults:2)
  An ugly thing (Depths:2)
  A merfolk (Shoals:4)
  2 water elementals
  A boggart (Vaults:3)
  2 orc priests (Orc:2)
  An orc (Orc:1)
  5 fungi (Lair:6)
  28 plants
46 creatures vanquished.

Grand Total: 2608 creatures vanquished

Notes
Turn   | Place    | Note
-------+----------+-------------------------------------------
     0 | D:1      | Delamore the Hill Orc Fighter began the quest for the Orb.
     0 | D:1      | Reached XP level 1. HP: 19/19 MP: 1/1
   208 | D:1      | Reached skill level 3 in Axes
   225 | D:1      | Found a shimmering blue altar of Sif Muna.
   298 | D:1      | Reached XP level 2. HP: 21/26 MP: 2/2
   305 | D:1      | Reached skill level 4 in Axes
   622 | D:1      | Reached XP level 3. HP: 29/31 MP: 3/3
   788 | D:1      | Found a burning altar of Makhleb.
   788 | D:1      | Found a white marble altar of Elyvilon.
   790 | D:1      | Found a hide-covered altar of Uskayaw.
   790 | D:1      | Found a snail-covered altar of Cheibriados.
   790 | D:1      | Found a shimmering altar of Xom.
   871 | D:2      | Reached skill level 5 in Axes
  1270 | D:2      | Reached XP level 4. HP: 15/39 MP: 4/4
  1547 | D:2      | Reached skill level 6 in Axes
  1597 | D:2      | Found a runed translucent door.
  1598 | D:2      | Noticed Crazy Yiuf
  2463 | D:3      | Reached XP level 5. HP: 45/45 MP: 5/5
  2517 | D:3      | Found an ornate altar of the Wu Jian Council.
  2614 | D:3      | Noticed Natasha
  2620 | D:3      | Killed Natasha
  2620 | D:3      | Reached skill level 7 in Axes
  2663 | D:3      | Noticed Natasha
  2666 | D:3      | Killed Natasha
  2757 | D:3      | Noticed Natasha
  2774 | D:3      | Killed Natasha
  2774 | D:3      | Reached skill level 8 in Axes
  2774 | D:3      | Reached XP level 6. HP: 27/51 MP: 6/6
  3010 | D:4      | Noticed an ice beast
  3027 | D:4      | Killed an ice beast
  3112 | D:4      | Found a glowing drain.
  3116 | Sewer    | Entered a sewer
  3137 | Sewer    | Reached skill level 9 in Axes
  3606 | D:3      | Reached XP level 7. HP: 37/57 MP: 7/7
  3731 | D:4      | Reached skill level 10 in Axes
  4326 | D:5      | Entered Level 5 of the Dungeon
  4363 | D:5      | Reached skill level 11 in Axes
  4413 | D:5      | Reached XP level 8. HP: 59/64 MP: 8/8
  4694 | D:5      | Reached skill level 12 in Axes
  4748 | D:5      | Found a shattered altar of Ashenzari.
  4749 | D:5      | Found a hide-covered altar of Uskayaw.
  4750 | D:5      | Found a white marble altar of Elyvilon.
  4876 | D:5      | Got a heavily runed ring mail
  4887 | D:5      | Identified the +3 ring mail of the Thirteen Curses {MR++
                  | Str+3 SInv Stlth-} (You found it on level 5 of the Dungeon)
  5433 | D:6      | Reached skill level 13 in Axes
  5434 | D:6      | Found a staircase to the Ecumenical Temple.
  5445 | Temple   | Entered the Ecumenical Temple
  5453 | Temple   | Became a worshipper of Warmaster Okawaru
  5567 | D:6      | Noticed Edmund
  5572 | D:6      | Noticed a troll
  5578 | D:6      | Killed Edmund
  5763 | D:6      | Reached XP level 9. HP: 68/70 MP: 9/9
  5779 | D:6      | Noticed Duvessa
  5780 | D:6      | Noticed Dowan
  5787 | D:6      | Killed Duvessa
  5787 | D:6      | Reached * piety under Okawaru
  5787 | D:6      | Reached skill level 14 in Axes
  5822 | D:5      | Killed Dowan
  5845 | D:6      | Noticed Menkaure
  5849 | D:6      | Killed Menkaure
  5874 | D:6      | Got a fine ring mail
  5895 | D:5      | Identified the cursed +0 ring mail "Hotiab" {-Cast rPois
                  | Int+4} (You found it on level 6 of the Dungeon)
  6122 | D:6      | Killed a troll
  6122 | D:6      | Reached skill level 15 in Axes
  6150 | D:6      | Noticed Eustachio
  6183 | D:6      | Killed Eustachio
  6334 | D:6      | Found a sparkling altar of Nemelex Xobeh.
  6339 | D:6      | Found a hazy altar of Hepliaklqana.
  6822 | D:7      | Found a sparkling altar of Nemelex Xobeh.
  7077 | D:7      | Got a steaming trident
  7078 | D:7      | Identified the +3 trident of Defenestration {venom, Fragile
                  | +Blink rC+++ Dex+3} (You found it on level 7 of the
                  | Dungeon)
  7130 | D:7      | Found a shimmering blue altar of Sif Muna.
  7341 | D:8      | Noticed Harold
  7360 | D:8      | Killed Harold
  7360 | D:8      | Reached ** piety under Okawaru
  7360 | D:8      | Reached skill level 16 in Axes
  7361 | D:8      | Noticed a hornet
  7362 | D:8      | Noticed a hornet
  7397 | D:8      | Paralysed by a hornet for 1 turns
  7402 | D:7      | Paralysed by a hornet for 2 turns
  7403 | D:7      | Killed a hornet
  7403 | D:7      | Reached *** piety under Okawaru
  7403 | D:7      | Reached XP level 10. HP: 9/77 MP: 10/10
  7505 | D:7      | Reached skill level 17 in Axes
  7602 | D:8      | Found a sacrificial altar of Ru.
  8606 | D:9      | Reached skill level 5 in Fighting
  8697 | D:9      | Noticed a two-headed ogre
  8698 | D:9      | Reached **** piety under Okawaru
  8707 | D:9      | Killed a two-headed ogre
  8707 | D:9      | Reached skill level 18 in Axes
  8800 | D:9      | Noticed a green ugly thing
  8816 | D:9      | Killed a green ugly thing
  8933 | D:9      | Noticed a cyclops
  9102 | D:9      | Found a staircase to the Lair.
  9182 | D:9      | Killed a cyclops
  9182 | D:9      | Reached XP level 11. HP: 65/94 MP: 11/11
  9250 | D:9      | Reached ***** piety under Okawaru
  9380 | Lair:1   | Entered Level 1 of the Lair of Beasts
 10101 | Lair:1   | Reached skill level 19 in Axes
 10400 | Lair:2   | Found a frozen archway.
 10409 | IceCv    | Entered an ice cave
 10453 | IceCv    | Identified a +1 pair of boots of running (You found it in
                  | an ice cave)
 10460 | IceCv    | Noticed a white ugly thing
 10472 | IceCv    | Killed a white ugly thing
 10583 | IceCv    | Received a gift from Okawaru
 10588 | IceCv    | Got a pair of dazzling gloves {god gift}
 10682 | IceCv    | Identified the +1 pair of gloves of Darkness {Slay+3}
                  | (Okawaru gifted it to you in an ice cave)
 10772 | IceCv    | Noticed a white ugly thing
 10783 | IceCv    | Reached skill level 10 in Fighting
 10790 | IceCv    | Killed a white ugly thing
 10906 | IceCv    | Got distressingly furry ice dragon scales
 10942 | IceCv    | Identified the +5 ice dragon scales of the Enchanted Forest
                  | {rF- rC++ Dex+4} (You found it in an ice cave)
 11222 | Lair:2   | Reached XP level 12. HP: 110/110 MP: 12/12
 11300 | Lair:2   | Reached skill level 20 in Axes
 11625 | Lair:2   | Found a staircase to the Shoals.
 11772 | Lair:3   | Noticed a seven-headed hydra
 11781 | Lair:3   | Killed a seven-headed hydra
 11943 | Lair:3   | Reached ****** piety under Okawaru
 12121 | Lair:3   | Received a gift from Okawaru
 12203 | Lair:3   | Noticed a four-headed hydra
 12211 | Lair:3   | Killed a four-headed hydra
 12233 | Lair:3   | Found a hole to the Spider Nest.
 12800 | Lair:4   | Found the +10 Black Knight's horse barding {ponderous,
                  | rPois rN+}
 13082 | Lair:4   | Reached skill level 21 in Axes
 13099 | Lair:4   | Noticed a death yak
 13102 | Lair:4   | Noticed a death yak
 13104 | Lair:4   | Noticed a death yak
 13106 | Lair:4   | Noticed a death yak
 13107 | Lair:4   | Noticed a death yak
 13111 | Lair:4   | Noticed a death yak
 13112 | Lair:4   | Killed a death yak
 13123 | Lair:4   | Killed a death yak
 13127 | Lair:4   | Killed a death yak
 13127 | Lair:4   | Reached XP level 13. HP: 65/122 MP: 13/13
 13136 | Lair:4   | Received a gift from Okawaru
 13155 | Lair:4   | Reached skill level 5 in Armour
 13156 | Lair:4   | Got a slimy executioner's axe {god gift}
 13519 | Lair:5   | Found a gate leading to a gauntlet.
 13528 | Gauntlet | Entered a Gauntlet
 13528 | Gauntlet | Found a transporter.
 13529 | Gauntlet | Identified the +2 executioner's axe of the Dove {flame,
                  | Dex+9} (Okawaru gifted it to you on level 4 of the Lair of
                  | Beasts)
 13533 | Gauntlet | Found a runed translucent door.
 13535 | Gauntlet | Found a transporter.
 13537 | Gauntlet | Found a transporter.
 13539 | Gauntlet | Found the ring of Shadows {Umbra +Inv Stlth+}
 13540 | Gauntlet | Found a transporter.
 13541 | Gauntlet | Found a transporter.
 13542 | Gauntlet | Found a transporter.
 13555 | Gauntlet | Found a runed translucent door.
 13563 | Gauntlet | Noticed a blizzard demon
 13564 | Gauntlet | Found a transporter.
 13567 | Gauntlet | Found a transporter.
 13596 | Gauntlet | Found a transporter.
 13627 | Gauntlet | Found a transporter.
 13627 | Gauntlet | Found a transporter.
 13636 | Gauntlet | Found a transporter.
 13704 | Gauntlet | Got a heavily runed hat
 13715 | Gauntlet | Identified the +0 hat "Bihoj" {rElec} (You found it in a
                  | Gauntlet)
 13801 | Gauntlet | Identified the ring "Hibbafe" {rElec rPois Str-2 SInv
                  | Stlth+}
 13801 | Gauntlet | Noticed a minotaur
 13809 | Gauntlet | Killed a minotaur
 14187 | Lair:5   | Found a staircase to the Slime Pits.
 14199 | Lair:5   | Received a gift from Okawaru
 14487 | Lair:5   | Found a hazy altar of Hepliaklqana.
 14716 | Lair:6   | Entered Level 6 of the Lair of Beasts
 14850 | Lair:5   | Reached skill level 22 in Axes
 15661 | Lair:6   | Reached skill level 23 in Axes
 15685 | Lair:6   | Reached XP level 14. HP: 84/132 MP: 14/14
 16027 | Lair:6   | Identified the Incunabulum of Supportive Envenoming
 16614 | Lair:6   | Received a gift from Okawaru
 16703 | Lair:6   | Reached skill level 24 in Axes
 17132 | D:10     | Entered Level 10 of the Dungeon
 18001 | D:11     | Found a burning altar of Makhleb.
 18471 | D:11     | Noticed Fannar
 18478 | D:11     | Killed Fannar
 18858 | D:12     | Found a glowing silver altar of Zin.
 18871 | D:12     | Found a staircase to the Orcish Mines.
 19040 | D:12     | Received a gift from Okawaru
 19040 | D:12     | Reached skill level 25 in Axes
 19076 | D:12     | Noticed Maurice
 19143 | D:12     | Killed Maurice
 20119 | D:13     | Reached XP level 15. HP: 138/138 MP: 15/15
 20869 | D:14     | Found a shimmering blue altar of Sif Muna.
 21497 | D:14     | Paralysed by a hornet for 2 turns
 21593 | D:14     | Received a gift from Okawaru
 21829 | D:14     | Found a gate to the Vaults.
 21854 | D:14     | Reached skill level 26 in Axes
 22126 | Orc:1    | Entered Level 1 of the Orcish Mines
 22137 | Orc:1    | Paralysed by an orc sorcerer for 4 turns
 22432 | D:12     | Paralysed by an orc sorcerer for 5 turns
 22485 | Orc:1    | Reached skill level 1 in Invocations
 22681 | Orc:2    | Entered Level 2 of the Orcish Mines
 22702 | Orc:2    | Reached skill level 1 in Evocations
 22961 | Orc:1    | Found a roughly hewn altar of Beogh.
 23228 | Orc:2    | Found a roughly hewn altar of Beogh.
 23450 | Orc:2    | Found a staircase to the Elven Halls.
 23612 | Orc:2    | Received a gift from Okawaru
 24170 | Orc:2    | Reached skill level 5 in Invocations
 24363 | Orc:2    | Found Uputz's Armour Emporium.
 24363 | Orc:2    | Found Egog's Distillery.
 24365 | Orc:2    | Found Zafarch Vami's Magic Scroll Shop.
 24365 | Orc:2    | Found Utig's Book Emporium.
 24373 | Orc:2    | Bought a scroll of identify for 24 gold pieces
 24373 | Orc:2    | Bought a scroll of identify for 24 gold pieces
 24383 | Orc:2    | Bought a potion of heal wounds for 75 gold pieces
 24383 | Orc:2    | Bought a potion of heal wounds for 75 gold pieces
 24383 | Orc:2    | Bought a potion of haste for 150 gold pieces
 24383 | Orc:2    | Bought a potion of heal wounds for 75 gold pieces
 24834 | D:15     | Entered Level 15 of the Dungeon
 24859 | D:15     | Reached skill level 10 in Armour
 24907 | D:15     | Reached XP level 16. HP: 146/146 MP: 20/20
 25170 | D:15     | Found a staircase to the Depths.
 25252 | D:15     | Reached skill level 5 in Evocations
 25271 | D:15     | Received a gift from Okawaru
 25722 | Spider:1 | Entered Level 1 of the Spider Nest
 26583 | Spider:1 | Received a gift from Okawaru
 26718 | Spider:2 | Noticed Arachne
 26739 | Spider:2 | Killed Arachne
 27051 | Spider:2 | Reached skill level 15 in Fighting
 28521 | Spider:2 | Reached XP level 17. HP: 120/156 MP: 24/24
 28542 | Spider:2 | Received a gift from Okawaru
 28555 | Spider:2 | Got a smoking plate armour {god gift}
 28898 | Spider:2 | Identified the +7 plate armour of Syndicalism {rCorr}
                  | (Okawaru gifted it to you on level 2 of the Spider Nest)
 29289 | Spider:3 | Reached skill level 10 in Invocations
 29980 | Spider:4 | Entered Level 4 of the Spider Nest
 30959 | Spider:4 | Noticed Asterion
 31640 | Spider:3 | Noticed an Executioner
 31754 | Spider:3 | Killed Asterion
 32406 | Spider:4 | Reached skill level 1 in Throwing
 33030 | Spider:4 | Received a gift from Okawaru
 33198 | Spider:4 | Got a gossamer rune of Zot
 33772 | Shoals:1 | Entered Level 1 of the Shoals
 35709 | Shoals:2 | Reached XP level 18. HP: 164/168 MP: 26/26
 35795 | Shoals:2 | Noticed Louise
 35810 | Shoals:2 | Killed Louise
 36682 | Shoals:3 | Received a gift from Okawaru
 37030 | Shoals:3 | Received a gift from Okawaru
 37035 | Shoals:3 | Noticed Ilsuiw
 37550 | Shoals:3 | Reached skill level 10 in Evocations
 38207 | Shoals:4 | Entered Level 4 of the Shoals
 38249 | Shoals:4 | Found Verenoah's Antique Armour Emporium.
 38260 | Shoals:4 | Reached skill level 5 in Throwing
 38530 | Shoals:4 | Got a barnacled rune of Zot
 39233 | Shoals:4 | Found a shimmering altar of Xom.
 40036 | Shoals:4 | Found the +4 dagger "Morg" {pain, MR+ Int+5}
 40501 | Vaults:1 | Entered Level 1 of the Vaults
 40868 | Vaults:1 | Received a gift from Okawaru
 41255 | Vaults:1 | Found Eparoac's Gadget Shoppe.
 41559 | Vaults:1 | Reached XP level 19. HP: 143/177 MP: 27/27
 42452 | Vaults:1 | Learned a level 2 spell: Blink
 42456 | Vaults:1 | Learned a level 3 spell: Lesser Beckoning
 42676 | Vaults:2 | Received a gift from Okawaru
 42715 | Vaults:2 | Reached skill level 15 in Armour
 42715 | Vaults:2 | Reached skill level 1 in Translocations
 43207 | Vaults:2 | Noticed Frederick
 43226 | Vaults:2 | Killed Frederick
 43312 | Vaults:2 | Identified the cursed +0 chain mail "Niem" {Str+3}
 43553 | Vaults:2 | Found a portal to a secret trove of treasure.
 43605 | Vaults:2 | Noticed Aizul
 43609 | Vaults:2 | Received a gift from Okawaru
 43620 | Vaults:2 | Killed Aizul
 43641 | Vaults:2 | Received a gift from Okawaru
 43996 | Vaults:2 | Reached XP level 20. HP: 155/189 MP: 28/28
 44030 | Vaults:2 | Received a gift from Okawaru
 44169 | Vaults:2 | Noticed Sojobo
 44170 | Vaults:2 | Noticed Rupert
 44185 | Vaults:2 | Killed Rupert
 44203 | Vaults:2 | Killed Sojobo
 44791 | Vaults:2 | Reached skill level 5 in Translocations
 45086 | Vaults:2 | Noticed Jory
 45102 | Vaults:2 | Killed Jory
 45358 | Vaults:2 | Found a runed translucent door.
 45358 | Vaults:2 | Found a shimmering altar of Xom.
 45358 | Vaults:2 | Noticed Silenth's ghost (adept DrFE)
 45358 | Vaults:2 | Identified the +8 lajatang "Peatomoh" {chaos, *Contam rF++
                  | SInv Stlth+}
 45488 | Vaults:2 | Killed Silenth's ghost
 45488 | Vaults:2 | Received a gift from Okawaru
 45495 | Vaults:2 | Got a shimmering tin ring
 45497 | Vaults:2 | Identified the ring "Orric" {MR+ AC+3} (You found it on
                  | level 2 of the Vaults)
 45907 | Vaults:3 | Noticed Margery
 46699 | Vaults:3 | Killed Margery
 47274 | Vaults:3 | Found Ydeoneod's General Store.
 47337 | Vaults:3 | Bought a scroll of identify for 30 gold pieces
 47337 | Vaults:3 | Bought a scroll of identify for 30 gold pieces
 47536 | Vaults:3 | Found a staircase to the Crypt.
 47557 | Vaults:3 | Found a runed translucent door.
 47558 | Vaults:3 | Noticed casual's ghost (veteran MiMo)
 47598 | Vaults:3 | Killed casual's ghost
 47598 | Vaults:3 | Reached XP level 21. HP: 165/201 MP: 23/29
 47602 | Vaults:3 | Got a faintly glowing ruby amulet
 47607 | Vaults:3 | Identified the amulet "Vuhuam" {Regen+ Int+6} (You found it
                  | on level 3 of the Vaults)
 47691 | Vaults:3 | Received a gift from Okawaru
 49169 | Vaults:4 | Received a gift from Okawaru
 49170 | Vaults:4 | Found the +3 warlock's mirror {reflect}
 49478 | Vaults:4 | Identified the +1 robe "Nojurirch" {+Inv rC- Str+2 SInv}
 50111 | Vaults:4 | Reached skill level 10 in Translocations
 51035 | Vaults:5 | Entered Level 5 of the Vaults
 51064 | Vaults:4 | Received a gift from Okawaru
 51210 | Vaults:4 | Reached XP level 22. HP: 183/213 MP: 30/30
 51397 | Vaults:4 | Got a transparent battleaxe {god gift}
 51401 | Vaults:4 | Identified the +3 battleaxe "Maagebo" {elec, *Slow +Rage
                  | rElec Dex+3} (Okawaru gifted it to you on level 4 of the
                  | Vaults)
 51587 | Vaults:4 | Received a gift from Okawaru
 51740 | Vaults:5 | Received a gift from Okawaru
 51803 | Vaults:5 | Identified the +8 broad axe of Esisog {drain, rN+ MR+
                  | Dex-5}
 52384 | Vaults:5 | Got a blackened executioner's axe {god gift}
 52385 | Vaults:5 | Identified the +1 executioner's axe "Basaofoh" {chop, *Rage
                  | Dex+3 SInv Stlth+} (Okawaru gifted it to you on level 5 of
                  | the Vaults)
 52460 | Vaults:5 | Identified the +5 ring mail "Pohichum" {Dex+2 Slay+4}
 52467 | Vaults:5 | Identified the +1 plate armour "Feogujaf" {-Tele rF- rN++
                  | Dex+8}
 52598 | Vaults:5 | Noticed a golden dragon
 52927 | Vaults:5 | Received a gift from Okawaru
 52936 | Vaults:5 | Killed a golden dragon
 52938 | Vaults:5 | Got a pitted broad axe {god gift}
 52941 | Vaults:4 | Identified the +1 broad axe "Zulolej" {flame, MP+9 Str+2
                  | Dex+7 Stlth+} (Okawaru gifted it to you on level 5 of the
                  | Vaults)
 53004 | Vaults:5 | Identified the +7 hand axe "Wuicum" {protect, rElec Str+7
                  | Int-3 Dex+3}
 53361 | Vaults:5 | Identified the +10 falchion of the Head {venom, rElec rF-
                  | Dex+7}
 53438 | Vaults:5 | Received a gift from Okawaru
 53529 | Vaults:5 | Reached XP level 23. HP: 205/223 MP: 31/31
 53667 | Vaults:5 | Identified a scroll of acquirement
 54187 | Vaults:5 | Identified Sif Muna's Second Course in Spellweaving
 54265 | Vaults:5 | Got a silver rune of Zot
 54810 | Elf:1    | Entered Level 1 of the Elven Halls
 54847 | Elf:1    | Found a ruined gateway.
 54858 | Desolati | Entered the Desolation of Salt
 55664 | Desolati | Received a gift from Okawaru
 55738 | Desolati | Identified the Grimoire of the Fifty Demons
 55850 | Desolati | Identified Eqoirerou's Incunabulum of the Ashen Traveller
 55944 | Desolati | Got a coiled copper ring
 55980 | Desolati | Identified the ring "Coph" {MR++ MP+9 Stlth-} (You found it
                  | in the Desolation of Salt)
 55988 | Desolati | Got a vibrating silver ring
 55989 | Desolati | Identified the ring "Gimno" {rElec rF- rC+ Dex+4} (You
                  | found it in the Desolation of Salt)
 56386 | Elf:1    | Reached skill level 1 in Dodging
 56804 | Elf:1    | Noticed Frances
 56810 | Elf:1    | Killed Frances
 57308 | Elf:2    | Found Vaxkul's Magic Scroll Shop.
 57324 | Elf:2    | Bought a scroll of identify for 38 gold pieces
 57324 | Elf:2    | Bought a scroll of identify for 38 gold pieces
 57324 | Elf:2    | Bought a scroll of identify for 38 gold pieces
 57324 | Elf:2    | Bought a scroll of identify for 38 gold pieces
 57324 | Elf:2    | Bought a scroll of identify for 38 gold pieces
 57348 | Elf:2    | Found Iczex's Armour Emporium.
 57359 | Elf:2    | Received a gift from Okawaru
 57454 | Elf:2    | Found a runed translucent gate.
 57454 | Elf:2    | Found a runed translucent gate.
 57458 | Elf:2    | Found a runed translucent gate.
 57511 | Elf:2    | Found Susoruf's Assorted Antiques.
 57523 | Elf:2    | Received a gift from Okawaru
 57540 | Elf:2    | Reached XP level 24. HP: 185/235 MP: 31/31
 58091 | Elf:2    | Bought the -2 hat of the Alchemist {rElec rPois rF+ rC+ rN+
                  | MR+ rMut rCorr} for 1840 gold pieces
 58091 | Elf:2    | Found the -2 hat of the Alchemist {rElec rPois rF+ rC+ rN+
                  | MR+ rMut rCorr}
 58129 | Elf:2    | Found Xiustiy's Food Shoppe.
 58169 | Elf:3    | Entered Level 3 of the Elven Halls
 58258 | Elf:3    | Found Enef's Antique Armour Emporium.
 58392 | Elf:3    | Found a magical portal.
 58562 | WizLab   | Received a gift from Okawaru
 58601 | WizLab   | Noticed an antique lich
 58610 | WizLab   | Killed an antique lich
 58616 | WizLab   | Found the +9 sword of Zonguldrok {reap}
 59023 | Elf:3    | Received a gift from Okawaru
 59026 | Elf:3    | Got a fine battleaxe {god gift}
 59027 | Elf:3    | Identified the +6 battleaxe "Furu" {venom, Int+2} (Okawaru
                  | gifted it to you on level 3 of the Elven Halls)
 59192 | Elf:3    | Reached skill level 1 in Spellcasting
 59396 | Elf:3    | Reached skill level 5 in Dodging
 59501 | Elf:3    | Received a gift from Okawaru
 59518 | Elf:3    | Received a gift from Okawaru
 59908 | Elf:3    | Identified the Incunabulum of Unstable Envenoming
 59955 | Elf:3    | Got a smoking crystal plate armour
 59967 | Elf:3    | Identified the cursed +1 crystal plate armour of Summer
                  | {rC++ Str+3} (You found it on level 3 of the Elven Halls)
 60001 | Elf:3    | Found the +8 arc blade {discharge, rElec}
 60070 | Elf:3    | Identified the Incunabulum of Unstable Clay
 60082 | Elf:3    | Got a steaming plate armour
 60132 | Elf:3    | Identified the +0 plate armour "Qaira" {*Drain +Inv rN+++
                  | Stlth+} (You found it on level 3 of the Elven Halls)
 60508 | Depths:1 | Entered Level 1 of the Depths
 60526 | Depths:1 | Found a one-way gate to the infinite horrors of the Abyss.
 60610 | Depths:1 | Found a gateway to a ziggurat.
 60698 | Depths:1 | You fall into a shaft and drop 1 floor!
 60747 | Depths:2 | HP: 11/236 [Tzitzimitl/bolt of negative energy (27)]
 60748 | Depths:2 | Reached XP level 25. HP: 11/244 MP: 31/31
 61347 | Depths:2 | Reached skill level 27 in Axes
 61376 | Depths:2 | Found an ancient bone altar of Kikubaaqudgha.
 61612 | Depths:1 | Found a sparkling altar of Nemelex Xobeh.
 61626 | Depths:1 | Found Ebity's Book Boutique.
 61652 | Depths:1 | Reached skill level 10 in Dodging
 61810 | Depths:1 | Noticed Mara
 61819 | Depths:1 | Killed Mara
 61819 | Depths:1 | Received a gift from Okawaru
 61858 | Depths:1 | Received a gift from Okawaru
 62213 | Depths:1 | Found a gateway to Hell.
 62289 | Depths:1 | Found the +3 pair of gauntlets of War {Slay+5}
 62362 | Depths:2 | Received a gift from Okawaru
 62535 | Depths:2 | Received a gift from Okawaru
 63262 | Depths:2 | Got a warped pewter ring
 63270 | Depths:2 | Identified the ring "Hausopir" {Ice -Tele Int+5} (You found
                  | it on level 2 of the Depths)
 63432 | Depths:2 | Received a gift from Okawaru
 63748 | Depths:3 | Found a one-way gate leading to the halls of Pandemonium.
 64015 | Depths:3 | Reached XP level 26. HP: 251/254 MP: 32/32
 64035 | Depths:3 | Noticed Boris
 64246 | Depths:3 | Killed Boris
 64454 | Depths:3 | Found the +8 autumn katana {slice, Clar}
 65330 | Depths:4 | Noticed a juggernaut
 65336 | Depths:4 | Killed a juggernaut
 65348 | Depths:4 | Found the +3 robe of Clouds {+Thunder rCloud rElec}
 65412 | Depths:4 | Found Pupo Sir's Antique Armour Shoppe.
 65424 | Depths:4 | Bought a twisted cloak for 361 gold pieces
 65424 | Depths:4 | Identified the +2 cloak of Patterns {rElec rC++} (You
                  | bought it in a shop on level 4 of the Depths)
 65870 | Depths:4 | Found a corrupted altar of Lugonu.
 66030 | Depths:5 | Entered Level 5 of the Depths
 66063 | Depths:5 | Received a gift from Okawaru
 66896 | Depths:5 | Found a gate to the Realm of Zot.
 67664 | Zot:1    | Entered Level 1 of the Realm of Zot
 67731 | Zot:1    | Received a gift from Okawaru
 67731 | Zot:1    | Reached XP level 27. HP: 218/262 MP: 34/34
 68113 | Zot:1    | Reached skill level 15 in Invocations
 68935 | Zot:2    | Received a gift from Okawaru
 69017 | Zot:2    | Noticed an orb of fire
 69022 | Zot:2    | Gained mutation: You are occasionally teleported next to
                  | monsters. [an orb of fire]
 69029 | Zot:2    | Killed an orb of fire
 69300 | Zot:2    | Reached skill level 15 in Dodging
 69988 | Zot:3    | Reached skill level 10 in Throwing
 70624 | Zot:3    | Found a large runed translucent door.
 70624 | Zot:3    | Found a large runed translucent door.
 70626 | Zot:3    | Noticed Pask's ghost (legendary HaBe)
 70666 | Zot:3    | You fall into a shaft and drop 1 floor!
 70675 | Zot:4    | Received a gift from Okawaru
 70950 | Zot:3    | Received a gift from Okawaru
 72312 | Zot:4    | Received a gift from Okawaru
 73929 | Zot:5    | Entered Level 5 of the Realm of Zot
 74283 | Zot:5    | Received a gift from Okawaru
 74402 | Zot:5    | Received a gift from Okawaru
 74541 | Zot:5    | Received a gift from Okawaru
 74826 | Zot:5    | Noticed an ancient lich
 74861 | Zot:5    | Killed an ancient lich
 74861 | Zot:5    | Received a gift from Okawaru
 74914 | Zot:5    | Noticed an orb of fire
 74923 | Zot:5    | Noticed an ancient lich
 74927 | Zot:5    | Noticed an ancient lich
 74930 | Zot:5    | Killed an orb of fire
 74930 | Zot:5    | Received a gift from Okawaru
 74945 | Zot:5    | Noticed an ancient lich
 74949 | Zot:5    | Killed an ancient lich
 74949 | Zot:5    | Received a gift from Okawaru
 74952 | Zot:5    | Noticed an ancient lich
 74955 | Zot:5    | Noticed an orb of fire
 74956 | Zot:5    | HP: 10/269 [something/iron shot (74)]
 74958 | Zot:5    | HP: 4/269 [Orb Guardian (22)]
 74959 | Zot:5    | Killed from afar by an ancient lich

Levels and vault maps discovered:
D:1:      ebering_hopf_link, layout_rooms, serial_park_tiny_1,
          doesnt_xom_only_xom
D:2:      layout_loops_ring, uniq_crazy_yiuf_cottage
D:3:      layout_rooms, old_standard_altar, serial_forest,
          infiniplex_forest_straight_4, infiniplex_forest_end_2,
          infiniplex_forest_straight_2, infiniplex_forest_clump_double,
          infiniplex_forest_lined_room_3, infiniplex_forest_clump_small,
          infiniplex_forest_clump_tiny, minmay_misc_feat_plants, uniq_natasha
D:4:      layout_basic, gup_sewer_entry_bowl
D:5:      layout_loops_ring, grunt_temple_overflow_open, first_ration
D:6:      layout_basic, overflow_temple_1_default, temple_fountains,
          minmay_misc_feat_secret_circle, chequers_serial_rivers_micro_d,
          nemelex_xobeh_ov_fountains_minmay, uniq_duvessa, uniq_eustachio,
          uniq_menkaure, uniq_edmund
D:7:      layout_basic, kennysheep_mini_moat, lemuel_doored_altar
D:8:      layout_layer_cave, hangedman_pestilent_swarm, hangedman_ru_absence,
          uniq_harold
D:9:      layout_rooms, david_lair_shrubbed, minmay_radiant
D:10:     layout_irregular_city, small_statue_alley_a
D:11:     wad_woods_structure_01, layout_basic, basic_altar, uniq_fannar
D:12:     layout_gridville, erik_orc_3, basic_altar, uniq_maurice
D:13:     layout_basic
D:14:     kb_forest_paths, layout_stronghold, erik_vaults_1, lemuel_tele_altar,
          hangedman_decor_slide_cut, chequers_serial_rivers_small_b
D:15:     gammafunk_enter_depths_forms, layout_irregular_city
Temple:   eino_wide_crystal_templ
Lair:1:   layout_regular_city, minivault_27
Lair:2:   layout_roguey [special_room_bee], elwin_shoals_entry_stream,
          portal_ice_cave_entry_pillars_2
Lair:3:   layout_chaotic_city, spider_nest_entry_rubble, grunt_megastairs_5
Lair:4:   layout_gridlike
Lair:5:   layout_gridlike, minmay_slime_entry_oklob_open, basic_altar,
          gauntlet_entry_generic, grunt_megastairs_3
Lair:6:   minmay_lair_end_enchanted_forest, layout_gridlike,
          infiniplex_staircase_pool_2
Shoals:1: layout_shoals, nicolae_shoals_flooded_hall
Shoals:2: layout_shoals, nicolae_shoals_seven_spires, uniq_louise
Shoals:3: layout_shoals, uniq_ilsuiw
Shoals:4: shoals_end_simple, layout_shoals, serial_shops, shop,
          lemuel_oklob_altar
Spider:1: layout_spider_delve, hangedman_spider_tarantella_strand
Spider:2: layout_spider_delve, nicolae_spider_ant_collections, uniq_arachne
Spider:3: layout_spider_delve
Spider:4: grunt_spider_rune_circles, uniq_asterion
Orc:1:    layout_caves, minmay_orc_temple_c
Orc:2:    grunt_orc_tribal_feast, layout_diamond_mine, nicolae_orc_rockfall,
          mines2_david
Elf:1:    layout_loops_cross, portal_desolation_entry_salt, minivault_28,
          uniq_frances
Elf:2:    layout_geoelf_octagon, serial_shops, nicolae_shop_trees, shop, shop,
          shop, st_stairs_3
Elf:3:    minmay_elf_hall_hex, layout_loops_corners, mu_enter_wizlab_5,
          serial_shops, shop
Vaults:1: vaults_mumra_hex, nicolae_vaults_theta, v_pattern_5, v_rooms_4,
          nicolae_vaults_murderbox, dpeg_vaults_monster_box,
          layout_vaults_omnigrid, serial_shops, nicolae_shop_behind_doors
Vaults:2: ebering_vaults_ghost_xom, vaults_room_door_ring,
          hangedman_vaults_restitches, dpeg_vaults_monster_row, v_misc_25,
          nicolae_vaults_shelves_hall, nicolae_vaults_circle_grid_b,
          ontoclasm_vaults_tryst, vaults_room_semicircle, v_rooms_3,
          vaults_room_grid, vaults_room_ringed_pool, vaults_room_boxed,
          v_pattern_4, nicolae_vaults_rhombus_6, sword_in_stone, serial_ice_b,
          ontoclasm_vaults_ring_large, layout_vaults_omnibox, enter_trove_6,
          serial_hangedman_research, uniq_jory, uniq_aizul, uniq_frederick
Vaults:3: ebering_vaults_ghost_inner_flame, nicolae_vaults_back_hallway,
          hangedman_vaults_stream, grunt_vaults_focal, grunt_vaults_funnel,
          nicolae_vaults_network_s, minmay_crypt_entry_simple_walls, v_misc_14,
          v_alt_pattern_5, layout_vaults_big_room, serial_shops,
          nicolae_shop_temple_entry_statues_fountains, uniq_margery
Vaults:4: nicolae_vaults_disjoint_gnomons, vaults_room_door_hall,
          nicolae_vaults_specimen_jars, nicolae_vaults_angled_halls,
          vaults_room_glass_cross, vaults_room_door_ring, vaults_mumra_chevron,
          v_misc_9, v_misc_26, vaults_standard_mumra_x,
          nicolae_vaults_sealed_display, hangedman_vaults_impose,
          nicolae_vaults_ring_of_whatevers, vaults_room_semicircle, v_misc_19,
          vaults_room_door_ring, layout_vaults_maze_bifur
Vaults:5
Depths:1: layout_roguey, enter_ziggurat_f, serial_shops, nicolae_shop_stone,
          minmay_holes, hangedman_geh_valley, abyss_entry_glasseish,
          nemelex_diamond_rough_becter, uniq_mara
Depths:2: evilmike_negative_zone, layout_cave_pools, grunt_mini_vestibule,
          minmay_hollow_rounded_squares
Depths:3: minmay_concentric_multi, layout_gridlike, minmay_misc_feat_doors,
          hell_entry, pan_entry, wheals_unrand_guarded_autumn_katana,
          minmay_staircase_windowed_large, uniq_boris
Depths:4: minmay_textured_paths, layout_gridville, serial_shops, shop,
          grunt_hell_entry_dis_grunt, abyss_entry_flame_altar,
          roderic_roman_lattice, ebering_dispersal_statue_hall,
          infiniplex_staircase_river
Depths:5: evilmike_zot_entry_argh, layout_gridlike,
          nicolae_abyss_entry_one_way_or_another, pf_hell_entry_tar_river
Zot:1:    layout_concentric_octagons
Zot:2:    layout_misc_corridors
Zot:3:    layout_gridville, ebering_ghost_disaster_area, st_large_dragon_hoard_3
Zot:4:    minmay_elemental_castle, layout_gridville, hangedman_snake_sidewinding
Zot:5:    layout_gridlike, bh_zot_ikea_curve

Skill      XL: |  1  2  3  4  5  6  7  8  9 10 11 12 13 14 15 16 17 18 19 20 21 22 23 24 25 26 27 |
---------------+----------------------------------------------------------------------------------+-----
Axes           | 3 4 5 6 8 9 11 13 16 18 19 21 23 25 26 27 | 27.0
Fighting       | 7 11 13 14 15 16 17 18 20 21 22 23 24 25 26 | 26.3
Armour         | 4 5 7 10 11 13 14 15 17 18 19 20 22 | 22.8
Invocations    | 5 9 10 12 14 17 | 17.9
Evocations     | 4 7 9 11 | 11.3
Throwing       | 3 6 7 8 13 | 13.7
Translocations | 3 7 10 13 14 | 14.7
Dodging        | 3 8 12 14 17 | 17.2
Spellcasting   | 3 4 |  4.0
Shields        | |  3.2

Action                   |  1- 3 |  4- 6 |  7- 9 | 10-12 | 13-15 | 16-18 | 19-21 | 22-24 | 25-27 || total
-------------------------+-------+-------+-------+-------+-------+-------+-------+-------+-------++-------
Melee: War axe           |   142 |   226 |   223 |       |       |       |       |       |       ||   591
       Trident           |       |       |    21 |   727 |   546 |       |       |       |       ||  1294
       Executioner's axe |       |       |       |       |   694 |   994 |   954 |  1076 |  1640 ||  5358
Throw: Dart              |       |       |     3 |    53 |       |       |       |       |       ||    56
       Javelin           |       |       |       |       |    10 |    50 |     5 |    23 |    66 ||   154
       Throwing net      |       |       |       |       |     1 |     1 |       |       |       ||     2
Invok: Heroism           |       |       |       |       |       |     6 |     5 |       |       ||    11
       Finesse           |       |       |       |       |       |     1 |     3 |     2 |     2 ||     8
Evoke: Wand              |       |       |     1 |     3 |     2 |    37 |     1 |       |       ||    44
       Phial of floods   |       |       |       |     1 |       |       |       |       |       ||     1
  Use: Scroll            |       |     5 |     6 |     8 |    17 |    18 |     2 |    31 |     9 ||    96
       Potion            |       |       |     2 |     3 |     5 |     7 |     2 |     2 |     5 ||    26
 Stab: Paralysed         |       |       |     5 |       |       |       |       |       |       ||     5
       Sleeping          |       |       |       |       |     2 |       |       |       |       ||     2
       Distracted        |       |       |       |       |     2 |     1 |       |     1 |       ||     4
       Held in net/web   |       |       |       |       |     1 |       |       |       |       ||     1
  Eat: Chunk             |     1 |     8 |    11 |    17 |    29 |    27 |    20 |    15 |    25 ||   153
       Ration            |       |       |       |     1 |     2 |     7 |     3 |     4 |     6 ||    23
Armor: Scale mail        |    83 |    98 |    29 |       |       |       |       |       |       ||   210
       Ring mail         |       |       |    41 |   148 |    16 |       |       |       |       ||   205
       Ice dragon scales |       |       |       |   110 |   609 |   303 |       |       |       ||  1022
       Plate armour      |       |       |       |       |       |   632 |       |       |       ||   632
       Crystal plate arm |       |       |       |       |       |    13 |   485 |   182 |       ||   680
       Gold dragon scale |       |       |       |       |       |       |       |   590 |  1326 ||  1916
Dodge: Dodged            |    57 |    59 |    57 |   153 |   363 |   403 |   149 |   292 |   710 ||  2243
       Deflected         |       |       |       |       |    33 |    30 |       |    43 |       ||   106
Block: Shield            |    86 |   108 |    85 |   256 |   214 |       |       |       |       ||   749
       Other             |       |       |       |       |       |   171 |   128 |    45 |       ||   344
       Reflection        |       |       |       |       |       |     7 |    12 |       |       ||    19
